 Dungeon Crawl Stone Soup version 0.29.1-12-g30fa7ad0bf (webtiles) character file.

Game seed: 3149017404279050880

102171 javelincjr the Eclecticist (level 15, -9/80 HPs)
             Began as a Deep Elf Conjurer on Jan 7, 2023.
             Was a High Priest of Sif Muna.
             Blown up by an eye of devastation (50 damage)
             ... with a bolt of energy
             ... on level 2 of the Pits of Slime on Jan 9, 2023.
             The game lasted 05:12:27 (39502 turns).

javelincjr the Eclecticist (Deep Elf Conjurer)     Turns: 39502, Time: 05:12:28

Health: -9/80      AC:  8    Str: 11    XL:     15   Next: 85%
Magic:  23/41      EV: 13    Int: 31    God:    Sif Muna [*****.]
Gold:   1464       SH: 10    Dex: 16    Spells: 10/54 levels left

rFire   + + .      SeeInvis .   s - +5 spear (distort)
rCold   x . .      Faith    +   L - +2 kite shield {reflect}
rNeg    . . .      Spirit   .   C - +2 robe {Archmagi}
rPois   .          Reflect  +   t - +2 helmet
rElec   .          Harm     .   e - +0 cloak
rCorr   +          Rampage  +   m - +0 pair of gloves
Will    ++...      Archmagi +   H - +2 pair of boots {rampage}
Stlth   ++++......              h - amulet of faith
HPRegen 0.23/turn               Q - ring "Fexzu" {Fire rCorr Str+3 Int+4 Dex+3}
MPRegen 0.27/turn               D - ring of wizardry

@: corroded
A: fire resistance 1, strong-willed 1
a: Renounce Religion, Channel Magic, Forget Spell, Divine Exegesis


You were on level 2 of the Pits of Slime.
You worshipped Sif Muna.
Sif Muna was extremely pleased with you.
You visited 4 branches of the dungeon, and saw 23 of its levels.
You also visited: Volcano.

You collected 1842 gold pieces.
You spent 378 gold pieces at shops.

Inventory:

Hand Weapons
 s - a +5 spear of distortion (weapon)
 O - the +6 flail "Tormentor" {vamp, rF+ Dex+2 Stlth+}
   (You found it on level 5 of the Lair of Beasts)

   It occasionally heals its wielder for a portion of the damage dealt when it
   wounds a living foe.
   Dex:       It affects your dexterity (+2).
   rF:        It protects you from fire.
   Stlth:     It makes you more stealthy.
Missiles
 u - 2 throwing nets
Armour
 e - a +0 cloak (worn)
 m - a +0 pair of gloves (worn)
 t - a +2 helmet (worn)
 x - an orb of energy
 C - a +2 robe of the Archmagi (worn)
 H - a +2 pair of boots of rampaging (worn)
 L - a +2 kite shield of reflection (worn)
 N - a +3 scale mail of willpower
Jewellery
 c - a ring of flight
 g - a +6 ring of intelligence
 h - an amulet of faith (around neck)
 n - a ring of protection from cold
 o - a ring of ice
 w - an amulet of guardian spirit
 D - a ring of wizardry (right hand)
 J - a ring of see invisible
 Q - the ring "Fexzu" (left hand) {Fire rCorr Str+3 Int+4 Dex+3}
   (You found it on level 5 of the Lair of Beasts)

   [ring of fire]

   It enhances your fire magic.
   Str:       It affects your strength (+3).
   Int:       It affects your intelligence (+4).
   Dex:       It affects your dexterity (+3).
   rF:        It protects you from fire.
   rC:        It makes you vulnerable to cold.
   rCorr:     It protects you from acid and corrosion.
 U - a ring of protection from fire
 Y - an amulet of reflection
Wands
 j - a wand of flame (24)
 k - a wand of polymorph (7)
 l - a wand of digging (6)
 p - a wand of quicksilver (12)
 z - a wand of mindburst (14)
 F - a wand of charming (24)
 I - a wand of roots (8)
Scrolls
 d - 9 scrolls of teleportation
 f - a scroll of enchant armour
 r - a scroll of blinking
 y - 4 scrolls of summoning
 B - 2 scrolls of fog
 K - 3 scrolls of magic mapping
 P - 10 scrolls of identify
 S - 2 scrolls of silence
 T - 2 scrolls of poison
 V - a scroll of fear
 Z - a scroll of brand weapon
Potions
 a - 3 potions of haste
 b - 3 potions of magic
 i - 2 potions of might
 q - 5 potions of brilliance
 v - 14 potions of curing
 A - 3 potions of flight
 E - 2 potions of invisibility
 G - 2 potions of cancellation
 R - 4 potions of berserk rage
 X - 3 potions of resistance
Miscellaneous
 M - a box of beasts


   Skills:
 + Level 4.1 Fighting
 + Level 0.7 Short Blades
 + Level 5.4 Polearms
 + Level 6.2 Dodging
 + Level 7.1 Stealth
 + Level 1.3 Shields
 + Level 20.4 Spellcasting
 + Level 17.0 Conjurations
 + Level 10.3 Hexes
 + Level 1.3 Summonings
 + Level 8.4 Translocations
 + Level 4.6 Air Magic
 + Level 1.1 Earth Magic
 + Level 1.5 Invocations
 - Level 10.0 Evocations


You had 10 spell levels left.
You knew the following spells:

 Your Spells              Type           Power      Damage    Failure   Level
a - Magic Dart            Conj           100%       1d8       0%          1
b - Searing Ray           Conj           100%       2d8       0%          2
c - Fulminant Prism       Conj/Hex       54%        3d23      1%          4
d - Iskenderun's Mystic   Conj/Tloc      100%       2d19      1%          4
e - Lightning Bolt        Conj/Air       49%        1d70      1%          5
f - Orb of Destruction    Conj           58%        9d14      1%          7
g - Animate Armour        Summ/Erth      100%       N/A       9%          4
h - Summon Lightning Spi  Summ/Air       66%        N/A       4%          4
i - Teleport Other        Tloc           90%        N/A       1%          3
j - Irradiate             Conj/Tmut      45%        3d26      1%          5
k - Blink                 Tloc           100%       N/A       1%          2
l - Mephitic Cloud        Conj/Pois/Air  86%        N/A       1%          3

Your spell library contained the following spells:

 Spells                   Type           Power      Damage    Failure   Level
 Apportation              Tloc           100%       N/A       1%          1
 Necrotise                Necr           100%       1d9       1%          1
 Ensorcelled Hibernation  Hex/Ice        100%       N/A       1%          2
 Confusing Touch          Hex            97%        N/A       1%          3
 Dazzling Flash           Conj/Hex       100%       N/A       1%          3
 Gell's Gravitas          Tloc           90%        N/A       1%          3
 Lesser Beckoning         Tloc           90%        N/A       1%          3
 Portal Projectile        Hex/Tloc       100%       N/A       1%          3
 Manifold Assault         Tloc           90%        N/A       1%          5
 Silence                  Hex/Air        43%        N/A       1%          5
 Wereblood                Tmut           47%        N/A       2%          2
 Conjure Ball Lightning   Conj/Air       49%        3x3d17    2%          6
 Vampiric Draining        Necr           47%        2d9       4%          3
 Metabolic Englaciation   Hex/Ice        38%        N/A       5%          5
 Yara's Violent Unravell  Hex/Tmut       38%        3d15      5%          5
 Petrify                  Tmut/Erth      52%        N/A       12%         4
 Enfeeble                 Hex            48%        N/A       19%         7
 Spellforged Servitor     Conj/Summ      46%        N/A       28%         7
 Agony                    Necr           47%        N/A       38%         5
 Alistair's Intoxication  Tmut/Pois      31%        N/A       38%         5
 Discord                  Hex            48%        N/A       78%         8
 Statue Form              Tmut/Erth      34%        N/A       86%         6
 Eringya's Noxious Bog    Tmut/Pois      23%        N/A       90%         6
 Storm Form               Tmut/Air       31%        N/A       99%         7
 Ignition                 Fire           31%        3d10      100%        8
 Infestation              Necr           23%        N/A       100%        8
 Chain Lightning          Conj/Air       49%        3d66      100%        9


Dungeon Overview and Level Annotations

Branches:
Dungeon (15/15)            Temple (1/1) D:5            Lair (5/5) D:9
  Swamp (0/4) Lair:3       Spider (0/4) Lair:3        Slime (2/5) Lair:4
    Orc (0/2) D:12         Vaults (0/5) D:13         Depths (0/4) D:15
Volcano (visited)

Altars:
Ashenzari
Cheibriados
Dithmenos
Elyvilon
Fedhas
Gozag
Hepliaklqana
Kikubaaqudgha
Makhleb
Nemelex Xobeh
Okawaru
Qazlal
Ru
Sif Muna
Trog
Uskayaw
Vehumet
Wu Jian
Xom
Yredelemnul
Zin
The Shining One
Jiyva

Shops:
D:1 (   D:3 *   D:5 [:   D:6 =   D:7 ![[(   D:12 [   D:13 =


Innate Abilities, Weirdness & Mutations

Your flesh is heat resistant. (rF+)
You are strong-willed. (Will+)


Message History

You block the slime creature's attack. The acid blob spits acid at you.
The splash of acid hits you. You resist.
The azure jelly quivers.
You climb downwards.
There is a stone staircase leading up here.
Casting: Iskenderun's Mystic Blast (safe; 1% risk of failure)
Confirm with . or Enter, or press ? or * to list all spells.
You feel a surge of power!
You erupt in a blast of force!
The mystic blast hits the eye of devastation.
The eye of devastation is lightly wounded.
The eye of devastation is knocked back by the mystic blast.
The mystic blast hits the slime creature!!
The slime creature is heavily wounded.
The slime creature is knocked back by the mystic blast.
The mystic blast hits the acid blob!!
The acid blob is moderately wounded.
The acid blob is knocked back by the mystic blast.
The acid blob spits acid at you. The splash of acid hits you! You resist.
Casting: Iskenderun's Mystic Blast (safe; 1% risk of failure)
Confirm with . or Enter, or press ? or * to list all spells.
Aiming: Orb of Destruction (dangerous; 1% risk of failure)
Press: ? - help, Shift-Dir - straight line, f - eye of devastation
Aim: an eye of devastation (lightly wounded)
You feel a surge of power! The acid blob spits acid at you.
The splash of acid hits you! You resist.
Casting: Orb of Destruction (dangerous; 1% risk of failure)
Confirm with . or Enter, or press ? or * to list all spells.
Aiming: Orb of Destruction (dangerous; 1% risk of failure)
Press: ? - help, Shift-Dir - straight line, f - acid blob, p - eye of devastation
Aim: an acid blob (moderately wounded)
You feel a surge of power!
The orb of destruction hits the eye of devastation!!!
The eye of devastation is almost dead.
The eye of devastation gazes at you. The bolt of energy hits you!!!
Ouch! That really hurt!
You die...

###......#...#....#....
##...........##.........
#............#.........#
##.....................#
##..J..................##
#.......G................
##.#...*○.J.....>.<......
##....○°................
#......@....#...........
#......^................
#.....#..................
##.....................#.
###..#...#####..#....###
######## #########


You could see an acid blob (ally target), a slime creature and an eye of
devastation.

Vanquished Creatures
  Jorgrun (D:14)
  An acid blob (Slime:1)
  Agnes (D:15)
  2 rockslimes (Slime:2)
  2 azure jellies (Slime:1)
  A quicksilver ooze (Slime:1)
  3 great orbs of eyes
  An ice dragon (D:13)
  2 boulder beetles (D:11)
  8 hydras
  Erica (D:11)
  4 centaur warriors
  3 catoblepae (Lair:4)
  An ogre mage (D:15)
  8 two-headed ogres
  A tengu warrior (D:15)
  3 skeletal warriors
  An iron troll (D:13)
  A goliath frog (Lair:5)
  2 lindwurms (Volcano)
  A necromancer (D:15)
  2 wolf spiders (Lair:3)
  3 cyclopes
  2 deep elf pyromancers
  An orc sorcerer (D:15)
  A deep elf zephyrmancer (D:15)
  6 ugly things
  A shining eye (Slime:2)
  An oklob plant (Lair:1)
  A toenail golem (Volcano)
  5 elephants (Lair:4)
  2 centaur zombies (D:15)
  A manticore (D:12)
  2 naga magi (D:15)
  7 black mambas
  3 gargoyles
  2 molten gargoyles (Volcano)
  Psyche (D:8)
  18 cane toads
  2 efreet (Volcano)
  3 kobold demonologists (D:9)
  A rime drake (Lair:4)
  A centaur skeleton (D:15)
  2 torpor snails
  A yaktaur (D:15)
  10 komodo dragons
  2 tengu conjurers (D:15)
  5 tyrant leeches
  4 polar bears
  2 trolls (D:12)
  A hornet (D:8)
  17 blink frogs
  A tarantella (shapeshifter) (D:14)
  A dream sheep (shapeshifter) (D:13)
  44 slime creatures
  15 dream sheep (Lair:4)
  A jumping spider (Lair:3)
  13 spriggans
  4 fire elementals (Volcano)
  4 water elementals (D:13)
  2 shadows
  66 yaks
  3 wyverns
  2 wraiths
  3 basilisks
  Grum (D:8)
  A redback (shapeshifter) (D:14)
  12 vampire mosquitoes
  A swamp worm (Lair:3)
  3 acid dragons
  15 water moccasins
  A water moccasin (shapeshifter) (D:12)
  An ice beast (D:6)
  2 black bears
  10 orc warriors
  9 wolves
  6 ogres
  3 centaurs
  5 kobold brigands
  11 bullfrogs
  4 necrophages
  2 gnoll sergeants
  2 scorpions (D:5)
  3 earth elementals (Volcano)
  9 wights
  51 killer bees
  9 howler monkeys
  9 electric eels
  A crimson imp (D:8)
  3 hounds
  2 jellies
  Crazy Yiuf (D:3)
  2 gnoll boudas
  17 orc priests
  An iron imp (D:12)
  Jessica (D:3)
  4 iguanas
  14 orc wizards
  Robin (D:3)
  25 gnolls
  14 adders
  A white imp (D:6)
  A worm (D:2)
  A dart slug (D:1)
  69 orcs
  15 ball pythons
  6 bats
  8 endoplasms
  5 giant cockroaches
  5 hobgoblins
  2 jackals (D:2)
  6 quokkas
  A frilled lizard (D:3)
  13 goblins
  16 kobolds
  5 rats (D:1)
  A bush (Lair:5)
  2 fire vortices (Volcano)
  4 fulminant prisms
734 creatures vanquished.

Vanquished Creatures (collateral kills)
  An ogre (D:12)
  A howler monkey (D:12)
  A gnoll (D:12)
3 creatures vanquished.

Vanquished Creatures (others)
  A fire vortex (Volcano)
  270 fulminant prisms
  44 fungi
  126 plants
441 creatures vanquished.

Grand Total: 1178 creatures vanquished

Notes
Turn   | Place    | Note
-------+----------+-------------------------------------------
     0 | D:1      | javelincjr the Deep Elf Conjurer began the quest for the
                  | Orb.
     0 | D:1      | Reached XP level 1. HP: 10/10 MP: 6/6
   231 | D:1      | Reached XP level 2. HP: 15/15 MP: 6/8
   260 | D:1      | Found a faded altar of an unknown god.
   336 | D:1      | Reached skill level 5 in Conjurations
   609 | D:1      | Found Pebusm's Antique Weapon Shop.
   778 | D:1      | Reached XP level 3. HP: 19/19 MP: 5/9
  1371 | D:2      | Learned a level 2 spell: Searing Ray
  2209 | D:3      | Noticed Robin
  2211 | D:3      | Reached XP level 4. HP: 24/24 MP: 8/11
  2212 | D:3      | Killed Robin
  2319 | D:3      | Found a sacrificial altar of Ru.
  2334 | D:3      | Reached skill level 4 in Spellcasting
  2344 | D:3      | Reached XP level 5. HP: 24/28 MP: 3/13
  2513 | D:3      | Found a runed translucent door.
  2514 | D:3      | Noticed Crazy Yiuf
  2520 | D:3      | Killed Crazy Yiuf
  2674 | D:3      | Found Botseamo's General Store.
  3079 | D:3      | Noticed Jessica
  3086 | D:3      | Killed Jessica
  3469 | D:4      | Noticed a black bear
  3562 | D:4      | Noticed an ogre
  3566 | D:4      | Killed an ogre
  3567 | D:4      | Reached skill level 5 in Spellcasting
  3567 | D:4      | Reached XP level 6. HP: 32/32 MP: 9/15
  3567 | D:4      | Found a shadowy altar of Dithmenos.
  3634 | D:4      | Reached skill level 1 in Polearms
  3869 | D:4      | Reached XP level 7. HP: 24/37 MP: 11/17
  4105 | D:4      | Reached skill level 6 in Spellcasting
  4108 | D:4      | Reached skill level 1 in Fighting
  4400 | D:4      | Found an ornate altar of the Wu Jian Council.
  4400 | D:4      | Found an opulent altar of Gozag.
  4630 | D:5      | Entered Level 5 of the Dungeon
  4923 | D:5      | Learned a level 4 spell: Fulminant Prism
  4928 | D:5      | Learned a level 4 spell: Iskenderun's Mystic Blast
  5170 | D:5      | Found Deteah's Antique Armour Boutique.
  5202 | D:5      | Reached XP level 8. HP: 43/43 MP: 13/20
  5246 | D:5      | Found Xiemael's Book Shop.
  5324 | D:5      | Found a staircase to the Ecumenical Temple.
  5341 | Temple   | Entered the Ecumenical Temple
  5391 | Temple   | Became a worshipper of Sif Muna the Loreminder
  5677 | D:5      | Reached skill level 1 in Evocations
  5765 | D:5      | Reached skill level 7 in Spellcasting
  5839 | D:5      | Reached skill level 5 in Stealth
  6333 | D:5      | Found a runed translucent door.
  6367 | D:5      | Reached * piety under Sif Muna
  7061 | D:6      | Reached skill level 1 in Hexes
  7461 | D:6      | Reached skill level 8 in Spellcasting
  7461 | D:6      | Reached XP level 9. HP: 48/48 MP: 17/23
  7729 | D:6      | Found Rabi's Jewellery Shoppe.
  7732 | D:6      | Bought a ring of wizardry for 330 gold pieces
  7761 | D:6      | Reached ** piety under Sif Muna
  7858 | D:6      | Found a broken altar of Ashenzari.
  8271 | D:7      | Found Givyllu's Distillery.
  8279 | D:7      | Bought a potion of curing for 48 gold pieces
  8416 | D:7      | Found an ancient bone altar of Kikubaaqudgha.
  8650 | D:7      | Found Qyont's Antique Armour Shoppe.
  8776 | D:7      | Found Qeptul's Weapon Shoppe.
  8868 | D:7      | Noticed a gargoyle
  8881 | D:7      | Killed a gargoyle
  9008 | D:7      | Reached skill level 9 in Spellcasting
  9371 | D:7      | Found Wadwege's Antique Armour Emporium.
  9490 | D:8      | Found a white marble altar of Elyvilon.
  9526 | D:8      | Reached skill level 5 in Evocations
  9711 | D:8      | Noticed Psyche
  9753 | D:8      | Killed Psyche
  9754 | D:8      | Reached XP level 10. HP: 54/54 MP: 13/25
  9859 | D:8      | Noticed Grum
  9869 | D:8      | Killed Grum
 10013 | D:8      | Reached *** piety under Sif Muna
 10021 | D:8      | Reached skill level 5 in Hexes
 10117 | D:8      | Found a blossoming altar of Fedhas.
 10129 | D:8      | Noticed a two-headed ogre
 10135 | D:8      | Killed a two-headed ogre
 10136 | D:8      | Reached skill level 10 in Spellcasting
 10317 | D:8      | Found a sparkling altar of Nemelex Xobeh.
 10344 | D:8      | Found a snail-covered altar of Cheibriados.
 10592 | D:8      | Found a burning altar of Makhleb.
 10781 | D:8      | Found a transporter.
 10782 | D:8      | Found a transporter.
 10782 | D:8      | Noticed a boulder beetle
 10882 | D:9      | Noticed a sun demon
 10972 | D:9      | Noticed a two-headed ogre
 10982 | D:9      | Killed a two-headed ogre
 11178 | D:9      | Reached skill level 10 in Conjurations
 11197 | D:9      | Found a staircase to the Lair.
 11329 | D:9      | Reached skill level 11 in Spellcasting
 11340 | D:9      | Reached **** piety under Sif Muna
 11487 | D:9      | Noticed a rust devil
 11498 | D:9      | Reached XP level 11. HP: 59/59 MP: 10/28
 12670 | D:10     | Entered Level 10 of the Dungeon
 13135 | D:10     | Reached ***** piety under Sif Muna
 13609 | D:11     | Received a gift from Sif Muna
 13610 | D:11     | Got Cuadiyn's Tome of Allied Hurting {god gift}
 13617 | D:11     | Learned a level 5 spell: Lightning Bolt
 13625 | D:11     | Learned a level 7 spell: Orb of Destruction
 14085 | D:11     | Noticed Erica
 14099 | D:11     | Killed Erica
 14100 | D:11     | Reached skill level 12 in Spellcasting
 14502 | D:11     | Gained mutation: Your magical capacity is low. (-10% MP)
                  | [potion of mutation]
 14502 | D:11     | Gained mutation: Your mind is acute. (Int +4, Str/Dex -1)
                  | [potion of mutation]
 14502 | D:11     | Gained mutation: You possess an exceptional clarity of
                  | mind. [potion of mutation]
 14881 | D:12     | Noticed a red ugly thing
 14886 | D:12     | Killed a red ugly thing
 15037 | D:12     | Found Kuch's Armour Emporium.
 15311 | D:12     | Noticed a boulder beetle
 15327 | D:11     | Killed a boulder beetle
 15336 | D:11     | Reached skill level 1 in Translocations
 15484 | D:11     | Lost mutation: You possess an exceptional clarity of mind.
                  | [potion of mutation]
 15484 | D:11     | Lost mutation: Your mind is acute. (Int +4, Str/Dex -1)
                  | [potion of mutation]
 15484 | D:11     | Lost mutation: Your magical capacity is low. (-10% MP)
                  | [potion of mutation]
 15484 | D:11     | Gained mutation: You are strong-willed. (Will+) [potion of
                  | mutation]
 15484 | D:11     | Gained mutation: Your flesh is heat resistant. (rF+)
                  | [potion of mutation]
 15710 | D:12     | Noticed a skeletal warrior
 16117 | D:12     | Noticed a skeletal warrior
 16122 | D:11     | Reached XP level 12. HP: 43/64 MP: 21/30
 16415 | D:12     | Noticed a boulder beetle
 16419 | D:12     | Reached skill level 13 in Spellcasting
 16530 | D:11     | Learned a level 4 spell: Animate Armour
 16535 | D:11     | Learned a level 4 spell: Summon Lightning Spire
 17479 | D:12     | Reached skill level 1 in Air Magic
 19265 | D:12     | Found a staircase to the Orcish Mines.
 19405 | D:12     | Found a snail-covered altar of Cheibriados.
 19617 | D:11     | Killed a boulder beetle
 19777 | D:13     | Found Novorgh's Jewellery Emporium.
 20105 | D:13     | Reached skill level 14 in Spellcasting
 20527 | D:13     | Noticed a centaur warrior
 20537 | D:13     | Killed a centaur warrior
 20824 | D:13     | Noticed a centaur warrior
 20871 | D:13     | Noticed an ice dragon
 20927 | D:13     | Killed a centaur warrior
 21390 | D:13     | Killed an ice dragon
 21391 | D:13     | Reached skill level 10 in Evocations
 22100 | D:13     | Found a gate to the Vaults.
 22548 | D:14     | Noticed Jorgrun
 22556 | D:14     | Killed Jorgrun
 22557 | D:14     | Reached skill level 1 in Summonings
 22557 | D:14     | Reached XP level 13. HP: 69/69 MP: 1/33
 22723 | D:14     | You fall into a shaft and drop 1 floor!
 22723 | D:15     | Entered Level 15 of the Dungeon
 22958 | D:15     | Reached skill level 15 in Spellcasting
 23553 | D:15     | Noticed Agnes
 23558 | D:15     | Killed Agnes
 23831 | D:15     | Paralysed by an ogre mage for 3 turns
 24346 | D:15     | Reached skill level 16 in Spellcasting
 24350 | D:15     | Reached skill level 5 in Dodging
 24473 | D:15     | Found a staircase to the Depths.
 24559 | D:15     | Reached skill level 5 in Polearms
 25620 | D:14     | Reached skill level 5 in Translocations
 25722 | D:14     | Received a gift from Sif Muna
 25725 | D:14     | Got Sif Muna's Papyrus of Shifting Orientation {god gift}
 25944 | D:14     | Learned a level 3 spell: Teleport Other
 25950 | D:14     | Learned a level 5 spell: Irradiate
 25991 | D:14     | Found a hazy altar of Hepliaklqana.
 26289 | D:15     | Found a white marble altar of Elyvilon.
 26290 | D:15     | Found a glowing golden altar of the Shining One.
 26291 | D:15     | Found a glowing silver altar of Zin.
 26617 | Lair:1   | Entered Level 1 of the Lair of Beasts
 26791 | Lair:1   | Reached skill level 1 in Earth Magic
 27019 | Lair:1   | Reached XP level 14. HP: 75/75 MP: 25/36
 27588 | Lair:1   | You fall into a shaft and drop 1 floor!
 27628 | Lair:2   | Reached skill level 10 in Hexes
 27642 | Lair:2   | Reached skill level 17 in Spellcasting
 27758 | Lair:2   | Got the Precepts of Rime and Intoxication
 27907 | Lair:2   | Found a dark tunnel.
 27988 | Volcano  | Entered a volcano
 28222 | Volcano  | Reached skill level 15 in Conjurations
 28224 | Volcano  | Received a gift from Sif Muna
 29879 | Lair:2   | Found the +8 whip "Snakebite" {venom, curare, rPois}
 31103 | Lair:3   | Received a gift from Sif Muna
 31522 | Lair:3   | Got Sif Muna's Codex of Reformation and Beguiling {god
                  | gift}
 31992 | Lair:3   | Reached skill level 18 in Spellcasting
 32250 | Lair:3   | Found a staircase to the Swamp.
 32370 | Lair:3   | Found a hole to the Spider Nest.
 32518 | Lair:3   | Found a shimmering blue altar of Sif Muna.
 33123 | Lair:4   | Received a gift from Sif Muna
 33124 | Lair:4   | Got Sif Muna's Handbook of Outbursts and Fire {god gift}
 33696 | Lair:4   | Reached XP level 15. HP: 52/80 MP: 9/39
 35102 | Lair:4   | Found a viscous altar of Jiyva.
 35102 | Lair:4   | Found a staircase to the Slime Pits.
 35169 | Lair:4   | Reached skill level 19 in Spellcasting
 35732 | Lair:5   | Entered Level 5 of the Lair of Beasts
 36096 | Lair:5   | Reached skill level 1 in Invocations
 36417 | Lair:5   | Received a gift from Sif Muna
 36418 | Lair:5   | Reached skill level 1 in Shields
 36418 | Lair:5   | Got Luvo Orghyt's Catalogue of the Floating Mausoleum {god
                  | gift}
 36422 | Lair:5   | Learned a level 2 spell: Blink
 36426 | Lair:5   | Learned a level 3 spell: Mephitic Cloud
 37033 | Lair:5   | Identified the +6 flail "Tormentor" {vamp, rF+ Dex+2
                  | Stlth+}
 37244 | Lair:5   | Identified the ring "Fexzu" {Fire rCorr Str+3 Int+4 Dex+3}
 37247 | Lair:5   | Identified the +4 morningstar of Moderation {vorpal, Str+4}
 37693 | Slime:1  | Entered Level 1 of the Pits of Slime
 37693 | Slime:1  | Noticed an azure jelly
 37693 | Slime:1  | Noticed an acid blob
 37696 | Slime:1  | Killed an azure jelly
 37850 | Slime:1  | Killed an acid blob
 37859 | Slime:1  | Reached skill level 20 in Spellcasting
 38502 | Slime:1  | Noticed an azure jelly
 38506 | Slime:1  | Killed an azure jelly
 38880 | Slime:2  | Noticed a rockslime
 38883 | Slime:2  | Killed a rockslime
 38883 | Slime:2  | Received a gift from Sif Muna
 38884 | Slime:2  | Got Sif Muna's Incunable of Entrancing Shapeshifting {god
                  | gift}
 39031 | Slime:2  | Noticed a rockslime
 39182 | Slime:2  | Killed a rockslime
 39497 | Slime:1  | Noticed an azure jelly
 39497 | Slime:1  | Noticed an azure jelly
 39497 | Slime:1  | Noticed an acid blob
 39502 | Slime:2  | Blown up by an eye of devastation

Illustrated notes

Levels and vault maps discovered:
D:1:      ncdulo_wetmaze, layout_rooms, serial_shops,
          nicolae_shop_hallway_stairs, basic_ecumenical_altar,
          roderic_cross_of_infinity
D:2:      layout_basic
D:3:      layout_loops_ring, nicolae_ru_awakened_eye, serial_shops,
          shop_fountains, uniq_crazy_yiuf_cottage, uniq_jessica, uniq_robin
D:4:      layout_loops_ring, marbit_many_paths, jmf_multi_god_temple,
          minmay_misc_feat_nine_boxes
D:5:      layout_layer_cave, temple_fountains, serial_shops, nicolae_shop_trees,
          nicolae_shop_overgrown_old_shop, lightli_church_of_beogh
D:6:      layout_loops_ring, mainiacjoe_overflow_brackets, serial_shops,
          nicolae_shop_behind_doors, minmay_liquid_box,
          minmay_misc_feat_four_crosses, st_stairs_5
D:7:      kennysheep_big_flooded_room, layout_loops_ring,
          mainiacjoe_overflow_24_doors, serial_shops, shop, shop,
          nicolae_shop_crystal, kennysheep_mini_moat
D:8:      gammafunk_boulding_lane, layout_basic, elyvilon_altar_1,
          mainiacjoe_overflow_large_starburst, makhleb_grotto_becter,
          mainiacjoe_overflow_catwalk, uniq_grum, uniq_psyche
D:9:      layout_cave_pods, dpeg_oklobed_lair
D:10:     layout_rooms
D:11:     layout_basic, uniq_erica
D:12:     layout_cave_pools, kennysheep_orc_monster_closet_entryway,
          serial_shops, shop, chei_slow_surprise
D:13:     layout_basic, david_vaults_4, serial_shops,
          nicolae_shop_competitors_out_of_business
D:14:     layout_basic, nicolae_hepliaklqana_hazy_memory, uniq_jorgrun
D:15:     grunt_enter_depths_magical_seal, layout_basic, good_gods_temple_1,
          minivault_5, grunt_decor_clamped, chequers_serial_rivers_micro_c,
          uniq_agnes
Temple:   chequers_temple_sunken
Lair:1:   layout_misc_corridors, minivault_24, grunt_megastairs_4
Lair:2:   minmay_guarded_unrand_snakebite, layout_small_grid,
          portal_ice_cave_entry_pillars_1, enter_volcano_1,
          infiniplex_staircase_pool
Lair:3:   wad_woods_minihive, layout_long_grid, palyth_hydra_swamp_entry,
          spider_nest_entry_funnel_web, basic_altar
Lair:4:   layout_regular_city, slime_entry_1, minivault_26,
          grunt_forest_large_clearing_hut
Lair:5:   minmay_lair_end_frog_pond, layout_regular_city, st_stairs_11
Slime:1:  cheibrodos_slime_lost_civilization_3, layout_caves
Slime:2:  layout_caves

Skill      XL: |  1  2  3  4  5  6  7  8  9 10 11 12 13 14 15 |
---------------+----------------------------------------------+-----
Conjurations   | 5 6 7 8 9 10 11 12 14 16 17 | 17.0
Spellcasting   | 4 5 6 8 9 11 12 14 16 18 20 | 20.4
Stealth        | 3 4 5 6 7 |  7.1
Dodging        | 3 4 5 6 |  6.2
Polearms       | 1 2 3 4 5 |  5.4
Fighting       | 1 2 3 4 |  4.1
Evocations     | 3 5 6 8 10 | 10.0
Hexes          | 1 3 6 8 9 10 | 10.3
Translocations | 1 4 5 6 8 |  8.4
Air Magic      | 3 4 |  4.6
Summonings     | 1 |  1.3
Earth Magic    | 1 |  1.1
Invocations    | 1 |  1.5
Shields        | 1 |  1.3
Short Blades   | |  0.7

Action                   |  1- 3 |  4- 6 |  7- 9 | 10-12 | 13-15 || total
-------------------------+-------+-------+-------+-------+-------++-------
Melee: Dagger            |     7 |       |       |       |       ||     7
       Spear             |       |    28 |    59 |    86 |   108 ||   281
       Punch             |       |     1 |       |       |       ||     1
 Cast: Magic Dart        |    83 |    30 |    65 |    50 |    10 ||   238
       Searing Ray       |     1 |    11 |    21 |    19 |     1 ||    53
       Fulminant Prism   |       |       |    36 |   136 |   103 ||   275
       Iskenderun's Myst |       |       |       |    65 |   233 ||   298
       Orb of Destructio |       |       |       |    51 |   101 ||   152
       Lightning Bolt    |       |       |       |    40 |    55 ||    95
       Animate Armour    |       |       |       |     4 |     1 ||     5
       Summon Lightning  |       |       |       |     3 |     1 ||     4
       Teleport Other    |       |       |       |       |     1 ||     1
Invok: Channel Magic     |       |       |       |       |     2 ||     2
Evoke: Box of beasts     |       |       |       |     1 |       ||     1
       Wand              |       |       |       |       |     1 ||     1
  Use: Scroll            |       |     7 |     9 |    12 |     2 ||    30
       Potion            |       |     5 |       |    13 |     3 ||    21
 Stab: Sleeping          |       |     4 |     3 |       |     1 ||     8
Armor: Robe              |     2 |     2 |     9 |    25 |    62 ||   100
Dodge: Dodged            |     9 |    14 |    33 |    81 |    77 ||   214
Block: Kite shield       |       |       |       |       |    52 ||    52
